 Dungeon Crawl Stone Soup version 0.29-a0-541-gaf1fc19f1b (webtiles) character file.

Game seed: 9080726004369228622

1096 vulpzor the Cutter (level 8, -2/62 HPs)
             Began as a Merfolk Monk on June 2, 2022.
             Was an Elder of Okawaru.
             Killed by divine providence
             ... invoked by an orc priest
              (9 damage)
             ... on level 6 of the Dungeon.
             The game lasted 00:34:32 (4673 turns).

vulpzor the Cutter (Merfolk Monk)                   Turns: 4673, Time: 00:34:33

Health: -2/62      AC: 10    Str: 18 (19) XL:     8   Next: 31%
Magic:  8/8        EV: 11    Int:  8 (9)  God:    Okawaru [****..]
Gold:   26         SH:  8    Dex: 14 (17) Spells: 7/7 levels left

rFire   . . .      SeeInvis .   s - +2 rapier (speed)
rCold   . . .      Faith    .   k - +0 kite shield
rNeg    . . .      Spirit   .   d - +2 ring mail
rPois   .          Reflect  .   u - +0 hat
rElec   .          Harm     .   v - +2 cloak {rCorr}
rCorr   +          Rampage  .   (no gloves)
Will    .....                   (no boots)
Stlth   ++........              (no amulet)
HPRegen 0.20/turn               t - +6 ring of strength
MPRegen 0.11/turn               (no ring)

@: no status effects
A: (nimble swimmer 2), mertail
a: Renounce Religion, Heroism, Finesse


You were on level 6 of the Dungeon.
You worshipped Okawaru.
Okawaru was greatly pleased with you.
You visited 2 branches of the dungeon, and saw 7 of its levels.
You also visited: Ossuary.

You collected 251 gold pieces.
You spent 225 gold pieces at shops.

Inventory:

Hand Weapons
 a - a +0 spear
 e - a +0 short sword
 f - a +0 club
 g - a +0 dagger
 h - a +0 spear
 l - a +0 dagger
 m - a +0 dagger
 s - a +2 rapier of speed (weapon)
Missiles
 j - 12 poisoned darts (quivered)
Armour
 b - a +0 robe
 d - a +2 ring mail (worn)
 k - a +0 kite shield (worn)
 p - a +0 robe
 u - a +0 hat (worn)
 v - a +2 cloak of preservation (worn)
 x - the +1 robe of Grace {Harm rElec Will+}
   (You found it on level 6 of the Dungeon)

   rElec:     It insulates you from electricity.
   Harm:      It increases damage dealt and taken.
   Will:      It increases your willpower.
Jewellery
 r - a ring of flight
 t - a +6 ring of strength (left hand)
Wands
 n - a wand of flame (18)
 q - a wand of iceblast (4)
Scrolls
 i - a scroll of immolation {unknown}
 o - 2 scrolls of identify
 w - a scroll of blinking {unknown}


   Skills:
 + Level 5.0 Fighting
 + Level 6.5 Short Blades
 + Level 5.6 Polearms
 + Level 3.0 Armour
 + Level 6.1 Dodging
 + Level 2.8 Stealth
 + Level 1.5 Shields


You had 7 spell levels left.
You didn't know any spells.
Your spell library contained the following spells:

 Spells                   Type           Power      Damage    Failure   Level
 Sting                    Tmut/Pois      0%         1d3       95%         1
 Poisonous Vapours        Pois/Air       0%         N/A       98%         2
 Dazzling Flash           Conj/Hex       0%         N/A       100%        3
 Airstrike                Air            0%         N/A       100%        4
 Olgreb's Toxic Radiance  Pois           0%         N/A       100%        4
 Agony                    Necr           0%         N/A       100%        5
 Lightning Bolt           Conj/Air       0%         1d11      100%        5
 Silence                  Hex/Air        0%         N/A       100%        5
 Summon Lightning Spire   Summ/Air       Unusable   N/A       N/A         4

Dungeon Overview and Level Annotations

Branches:
Dungeon (6/15)             Temple (1/1) D:5         Ossuary (visited)

Altars:
Ashenzari
Cheibriados
Dithmenos
Makhleb
Nemelex Xobeh
Okawaru
Ru
Sif Muna
Trog
Uskayaw
Vehumet
Yredelemnul
Zin
The Shining One

Shops:
D:3 !   D:5 [

Annotations:
D:5 2 transporters, Spectrina's ghost, novice MeNe


Innate Abilities, Weirdness & Mutations

((You are very nimble when in or above water. (Stealth+, EV+, Speed+++)))
Your lower body shifts to a powerful aquatic tail in water.


Message History

You closely miss the orc warrior.
The orc warrior is heavily wounded.
The orc priest calls upon Beogh to heal the orc warrior.
The orc warrior is healed somewhat.
The orc warrior barely misses you.
You hit the orc warrior but do no damage.
The orc warrior is moderately wounded.
The orc warrior hits you with a +2 vorpal battleaxe!
You hit the orc warrior.
The orc warrior is heavily wounded.
The orc priest miscasts a cantrip.
You block the orc warrior's attack.
You hit the orc warrior.
The orc warrior is heavily wounded.
The orc warrior completely misses you.
You barely miss the orc warrior.
The orc warrior is heavily wounded.
You hit the orc warrior.
The orc warrior is heavily wounded.
The orc priest mumbles some strange prayers to Beogh against you.
Beogh smites you!
* * * LOW HITPOINT WARNING * * *
You block the orc warrior's attack.
You hit the orc warrior.
The orc warrior is severely wounded.
The orc priest looks satisfied for a moment.
The orc warrior hits you with a +2 vorpal battleaxe.
* * * LOW HITPOINT WARNING * * *
x2 You are confused.
You feel invigorated.
The orc priest begins to cast a cantrip, but forgets the words!
The orc warrior closely misses you.
The orc priest casts a cantrip, but nothing happens.
The orc warrior attacks as you move away!
The orc warrior hits you with a +2 vorpal battleaxe!
* * * LOW HITPOINT WARNING * * *
x2 You feel less invigorated.
You feel less confused.
The orc priest mumbles some strange prayers to Beogh against you.
Beogh smites you!
You die...

########.#.### # ##.##.#
# #.###.##### # .
#.###.....# # ?.
#..######.### # ####
#.####.#....#.#<#####
...
#....#......#.#......
#.#####.#.#....#.#.#####
#oo.o.@#.#....#.#.# #
##.######.###.##...#
#.........# #.######
#..#.#...## .
................ .
...##.#.........# ...
#.#.........# o.
#.......##### .
####....#


You could see an orc warrior, an orc priest and an orc.

Vanquished Creatures
  A steam dragon (D:6)
  A water moccasin (D:5)
  A black bear (D:3)
  2 ice beasts (D:5)
  2 necrophages
  A scorpion (D:5)
  4 jellies
  2 hounds
  2 iguanas
  2 mummies
  4 gnolls (D:5)
  4 adders
  A worm (D:3)
  5 orcs
  7 ball pythons
  3 bats
  5 endoplasms
  4 giant cockroaches
  2 gnoll zombies (Ossuary)
  12 goblins
  9 hobgoblins
  5 kobolds
  3 quokkas
  2 frilled lizards
  5 rats
89 creatures vanquished.

Notes
Turn   | Place    | Note
-------+----------+-------------------------------------------
     0 | D:1      | vulpzor the Merfolk Monk began the quest for the Orb.
     0 | D:1      | Reached XP level 1. HP: 18/18 MP: 1/1
   356 | D:2      | Reached XP level 2. HP: 24/24 MP: 2/2
   715 | D:2      | Reached XP level 3. HP: 20/29 MP: 3/3
   989 | D:3      | Found Ceapaizu's Distillery.
  1007 | D:3      | Bought a potion of curing for 30 gold pieces
  1067 | D:3      | Reached skill level 5 in Polearms
  1337 | D:3      | Found an iron altar of Okawaru.
  1369 | D:3      | Became a worshipper of Warmaster Okawaru
  1369 | D:3      | Reached * piety under Okawaru
  1369 | D:3      | Reached ** piety under Okawaru
  1545 | D:3      | Reached XP level 4. HP: 31/36 MP: 4/4
  1834 | D:4      | Noticed a black bear
  1918 | D:3      | Killed a black bear
  1919 | D:3      | Reached skill level 1 in Armour
  1919 | D:3      | Reached skill level 5 in Dodging
  1919 | D:3      | Reached XP level 5. HP: 19/42 MP: 5/5
  2267 | D:4      | You fall into a shaft and drop 1 floor!
  2267 | D:5      | Entered Level 5 of the Dungeon
  2345 | D:4      | Reached XP level 6. HP: 32/48 MP: 6/6
  2387 | D:4      | Reached *** piety under Okawaru
  2707 | D:5      | Reached XP level 7. HP: 30/55 MP: 7/7
  2938 | D:5      | Reached skill level 5 in Short Blades
  3209 | D:5      | Found a transporter.
  3214 | D:5      | Noticed Spectrina's ghost (novice MeNe)
  3238 | D:5      | Reached skill level 1 in Shields
  3256 | D:5      | Reached **** piety under Okawaru
  3257 | D:5      | Reached XP level 8. HP: 31/61 MP: 8/8
  3422 | D:5      | Found a transporter.
  3593 | D:5      | Found a staircase to the Ecumenical Temple.
  3600 | Temple   | Entered the Ecumenical Temple
  4026 | D:5      | Found Ettecan's Antique Armour Emporium.
  4038 | D:5      | Bought a runed cloak for 195 gold pieces
  4119 | D:6      | Found a sand-covered staircase.
  4124 | Ossuary  | Entered an ossuary
  4387 | D:6      | Identified the +1 robe of Grace {Harm rElec Will+}
  4429 | D:6      | Reached skill level 5 in Fighting
  4672 | D:6      | HP: 3/62 [orc warrior/+2 vorpal battleaxe (4)]
  4673 | D:6      | Killed from afar by an orc priest

Illustrated notes

Levels and vault maps discovered:
D:1:      heliophobic_arrival_battle_scene, layout_basic,
          hangedman_decor_growths, chequers_serial_rivers_micro_b
D:2:      layout_loops_ring
D:3:      layout_loops_cross, kennysheep_okawaru_gauntlet, serial_shops, shop
D:4:      layout_rooms
D:5:      layout_loops_ring, minitemple, marbit_many_paths, temple_green,
          gammafunk_ghost_mausoleum, serial_shops, shop
D:6:      minmay_spotlight, layout_loops_cross, lemuel_round_altar,
          enter_ossuary_2, serial_co_window_serial, co_window_corner_a,
          co_window_of_opportunity_a, co_window_paths_b, co_window_cross_1,
          co_window_cross_1, co_window_corner_a, co_window_corner_a,
          co_window_of_opportunity_a, co_window_corner_a, co_window_broadway_b,
          co_window_of_opportunity_c, co_window_2corner,
          co_window_of_opportunity_b, co_window_2corner, co_window_sun,
          chequers_garden
Temple:   cyrus_circular_temple

Skill      XL: |  1  2  3  4  5  6  7  8 |
---------------+-------------------------+-----
Polearms       | 5 |  5.6
Short Blades   | 2 4 5 6 |  6.5
Armour         | 1 2 3 |  3.0
Dodging        | 5 6 |  6.1
Fighting       | 4 5 |  5.0
Shields        | 1 |  1.5
Stealth        | |  2.8

Action                   |  1- 3 |  4- 6 |  7- 9 || total
-------------------------+-------+-------+-------++-------
Melee: Spear             |   160 |       |       ||   160
       Punch             |     4 |       |       ||     4
       Tailslap          |     1 |       |       ||     1
       Rapier            |       |   126 |   153 ||   279
  Use: Scroll            |     4 |     2 |       ||     6
       Potion            |       |     2 |     5 ||     7
 Stab: Sleeping          |       |     1 |       ||     1
Armor: Ring mail         |    55 |    45 |    34 ||   134
       Robe              |     5 |       |       ||     5
Dodge: Dodged            |   118 |    69 |    53 ||   240
Block: Kite shield       |       |     3 |    45 ||    48

Table legend: (Time is in decaauts)
 A = Elapsed time spent in this place.
 B = Non-inter-level travel time spent in this place.
 C = Inter-level travel time spent in this place.
 D = Time resting spent in this place.
 E = Time spent auto-exploring this place.
 F = Levels seen in this place.
 G = Mean time per level.
                   A        B        C        D        E       F      G
               +--------+--------+--------+--------+--------+-----+--------+
         Total |   4582 |   4581 |      1 |   1376 |    194 |   8 |  572.8 |
       Dungeon |   4377 |   4376 |      1 |   1376 |    194 |   6 |  729.5 |
        Temple |    167 |    167 |      0 |      0 |      0 |   1 |  167.0 |
       Ossuary |     37 |     37 |      0 |      0 |      0 |   1 |   37.0 |
               +--------+--------+--------+--------+--------+-----+--------+

Top non-repeatable levels by time:
     D:5: 1250 daAuts
     D:3: 959 daAuts
     D:4: 678 daAuts
     D:6: 517 daAuts
     D:1: 508 daAuts
     D:2: 464 daAuts
  Temple: 167 daAuts
 Ossuary: 37 daAuts
